[Event "Titled Tuesday Blitz June 21 Late 2022"]
[White "Toncheva, Nadya"]
[Black "Kanyamarala, Tarun"]
[WhiteFideId "2924056"]
[BlackFideId "45004714"]
[WhiteElo "1888"]
[BlackElo "2219"]
[Result "0-1"]
[Round "11"]
[TimeControl "180+1"]
[Date "2022.06.22"]
[WhiteClock "0:00:01"]
[BlackClock "0:00:03"]

1. e4 e5 2. Nf3 Nc6 3. Bc4 h6 4. O-O g5 5. d4 exd4 6. Nxd4 d6 7. Nc3 Bg7 8. Be3 Nge7 9. f4 gxf4 10. Rxf4 Ne5 11. Qh5 O-O 12. Be2 N7g6 13. Rf2 Qh4 14. h3 Qxh5 15. Bxh5 c6 16. Rd1 Nc4 17. Bc1 Nge5 18. b3 Nb6 19. Ba3 c5 20. Ndb5 Be6 21. Nxd6 Rfd8 22. Bxc5 Ned7 23. Bd4 Ne5 24. Nf5 Bxf5 25. Rxf5 Rxd4 26. Rxd4 Nf3+ 27. Rxf3 Bxd4+ 28. Kh2 Be5+ 29. g3 Rc8 30. Bxf7+ Kh8 31. Nd1 Rxc2+ 32. Rf2 Rc1 33. Ne3 Re1 34. Ng4 Bd4 35. Rf4 Re2+ 36. Kh1 Rxa2 37. Nxh6 Be3 38. Rh4 Bxh6 39. Rxh6+ Kg7 40. Rh5 Kxf7 41. Rh7+ Ke6 42. Rxb7 Nd7 43. h4 Ne5 44. Kg1 Nf3+ 45. Kf1 Nd2+ 46. Ke2 Nxb3+ 47. Kf3 Nd4+ 48. Kf4 a5 49. h5 a4 50. h6 Rh2 51. Ra7 Ne2+ 52. Ke3 Nc3 53. Kd3 Nd1 54. Kc4 Nb2+ 55. Kc3 Ke5 56. h7 Nd1+ 57. Kb4 Kxe4 0-1


[Site "https://www.chess.com"]

[Event "Titled Tuesday Blitz June 21 Late 2022"]
[White "Vasquez Schroeder, Rodrigo"]
[Black "Tologon tegin, Semetei"]
[WhiteFideId "3400042"]
[BlackFideId "13800574"]
[WhiteElo "2567"]
[BlackElo "2174"]
[Result "0-1"]
[Round "11"]
[TimeControl "180+1"]
[Date "2022.06.21"]
[WhiteClock "0:01:28"]
[BlackClock "0:01:48"]

1. e4 c6 2. d4 d5 3. exd5 cxd5 4. c4 Nf6 5. Nc3 e6 6. Nf3 Nc6 7. cxd5 Nxd5 8. Bd3 Be7 9. O-O O-O 10. Re1 b6 11. Nxd5 exd5 12. Bxh7+ Kxh7 13. Qc2+ Kg8 14. Qxc6 Be6 15. Rxe6 fxe6 16. Qxe6+ Kh7 17. Ne5 Bf6 18. Bf4 Bxe5 19. Bxe5 Qh4 20. f3 Rad8 21. h3 Qh6 22. Qe7 Qg6 23. Kh2 Qf7 24. Qh4+ Kg8 25. Qg4 Qd7 26. Qg6 Rde8 27. Rc1 Re6 28. Qg4 Qf7 29. Bxg7 Rg6 30. Qxg6 Qxg6 31. Bxf8 Kxf8 32. Re1 Qf6 0-1


[Site "https://www.chess.com"]

[Event "Titled Tuesday Blitz June 21 Late 2022"]
[White "Vivas Zamora, Fabian Ernesto"]
[Black "Hoffmann, Asa"]
[WhiteFideId "3902480"]
[BlackFideId "2001470"]
[WhiteElo "2014"]
[BlackElo "2117"]
[Result "1-0"]
[Round "11"]
[TimeControl "180+1"]
[Date "2022.06.22"]
[WhiteClock "0:00:53"]
[BlackClock "0:02:07"]

1. e4 d6 2. d4 Nf6 3. Nc3 c6 4. f4 Qa5 5. e5 Ne4 6. Qf3 Bf5 7. Bd3 d5 8. Ne2 e6 9. O-O Nxc3 10. Nxc3 g6 11. g4 Bxd3 12. Qxd3 c5 13. f5 gxf5 14. gxf5 cxd4 15. Nb5 Nc6 16. fxe6 fxe6 17. Rxf8+ Rxf8 18. Nd6+ Kd7 19. Qxh7+ Ne7 20. Bg5 Rg8 21. Qxe7+ Kc6 22. Qxb7+ Kc5 23. b4+ Qxb4 24. Qc7# 1-0


[Site "https://www.chess.com"]

[Event "Titled Tuesday Blitz June 21 Late 2022"]
[White "Vu, Bui Thi Thanh Van"]
[Black "Przybylski, Wojciech"]
[WhiteFideId "12408921"]
[BlackFideId "1117599"]
[WhiteElo "1602"]
[BlackElo "2133"]
[Result "1-0"]
[Round "11"]
[TimeControl "180+1"]
[Date "2022.06.22"]
[WhiteClock "0:00:19"]
[BlackClock "0:00:02"]

1. d4 Nf6 2. Nf3 d5 3. Nbd2 Bf5 4. e3 e6 5. c4 c6 6. Qb3 Qc8 7. Bd3 Bg6 8. O-O Nbd7 9. Re1 Bd6 10. e4 dxe4 11. Nxe4 Nxe4 12. Bxe4 Nf6 13. Bxg6 hxg6 14. d5 e5 15. Nxe5 O-O 16. Bf4 Qf5 17. Bg3 Ne4 18. Nf3 Bxg3 19. hxg3 cxd5 20. cxd5 Rad8 21. Rad1 b6 22. Qa4 Nc5 23. Qc4 Rd6 24. Rd2 Rfd8 25. Red1 g5 26. Rd4 Nd7 27. Qc1 g4 28. Nh4 Qh5 29. Qf4 Nf6 30. Nf5 R6d7 31. d6 Kf8 32. Ne7 Qc5 33. b4 Qc2 34. b5 Qc5 35. Nc6 Qh5 36. Nxd8 Rxd8 37. d7 Kg8 38. Qc7 Rf8 39. d8=Q Rxd8 40. Qxd8+ Kh7 41. Qe7 Kg6 42. Qe2 Qxb5 43. Qxb5 1-0


[Site "https://www.chess.com"]

[Event "Titled Tuesday Blitz June 21 Late 2022"]
[White "Vujic, Mihailo"]
[Black "Koziorowicz, Michal"]
[WhiteFideId "918873"]
[BlackFideId "21809194"]
[WhiteElo "2256"]
[BlackElo "2202"]
[Result "1/2-1/2"]
[Round "11"]
[TimeControl "180+1"]
[Date "2022.06.21"]
[WhiteClock "0:00:12"]
[BlackClock "0:00:21"]

1. e4 c5 2. Nf3 d6 3. c3 Nf6 4. Be2 Bd7 5. d3 g6 6. O-O Bg7 7. h3 c4 8. Bf4 cxd3 9. Bxd3 O-O 10. Qd2 Re8 11. Bh6 Bh8 12. Ng5 Nc6 13. f4 Rc8 14. Kh2 Qa5 15. b4 Qc7 16. Bc4 Nd8 17. Bb3 e6 18. f5 d5+ 19. Kg1 dxe4 20. fxg6 hxg6 21. Qf2 Qb6 22. Qxb6 axb6 23. Nd2 Rxc3 24. Ndxe4 Nxe4 25. Nxe4 Rxb3 26. axb3 f5 27. Nd6 Bxa1 28. Rxa1 Kh7 29. Nxe8 Kxh6 30. Nd6 Nc6 31. b5 Ne7 32. Nxb7 Bxb5 33. Nd8 e5 34. Nf7+ Kg7 35. Nxe5 Kf6 36. Nf3 Bc6 37. Ra6 Nc8 38. Nd4 Bb7 39. Ra3 Ke5 40. Nf3+ Kf4 41. b4 g5 42. Kf2 g4 43. g3+ Ke4 44. Re3+ Kd5 45. hxg4 fxg4 46. Ne5 Nd6 47. Nxg4 Ne4+ 48. Ke1 Kc4 49. Ne5+ Kd4 50. Rxe4+ Bxe4 51. Nd7 b5 52. Nc5 Bg6 53. Kd2 Kc4 54. Na6 Be4 55. Ke3 Bb7 56. Nc7 Kxb4 57. Kd4 Bf3 58. Ne6 Ka3 59. Nc5 b4 60. Ke3 Bh5 61. Kf4 Kb2 62. g4 Be8 63. Nd3+ Kc3 64. Nxb4 Kxb4 65. Ke5 Kc5 66. Kf6 Kd6 67. g5 Bh5 68. g6 Bf3 69. g7 Bd5 70. Kg6 Bg8 71. Kf6 Kd7 72. Kg6 Ke7 73. Kh6 Ke6 74. Kg5 Ke5 75. Kh6 Kf6 76. Kh5 Kf5 77. Kh4 Kf6 78. Kh5 Bh7 79. Kh4 Bg8 80. Kh5 1/2-1/2


[Site "https://www.chess.com"]

[Event "Titled Tuesday Blitz June 21 Late 2022"]
[White "Wagner, Dennis"]
[Black "Adewumi, Tanitoluwa"]
[WhiteFideId "24650684"]
[BlackFideId "30966396"]
[WhiteElo "2355"]
[BlackElo "2554"]
[Result "0-1"]
[Round "11"]
[TimeControl "180+1"]
[Date "2022.06.21"]
[WhiteClock "0:00:16"]
[BlackClock "0:00:05"]

1. e4 c5 2. Nf3 e6 3. c3 d5 4. exd5 exd5 5. Bb5+ Nc6 6. O-O Bd6 7. d4 cxd4 8. Nxd4 Ne7 9. Nd2 O-O 10. N2b3 Bd7 11. h3 a6 12. Nxc6 bxc6 13. Bd3 c5 14. c4 dxc4 15. Bxc4 Bc6 16. Be3 Nf5 17. Bxc5 Qf6 18. Bxd6 Nxd6 19. Bd5 Nf5 20. Bxc6 Qxc6 21. Rc1 Qa4 22. Qf3 g6 23. Nc5 Qxa2 24. Nd7 Rfd8 25. Nf6+ Kg7 26. Nh5+ Kg8 27. Nf6+ Kg7 28. Qc3 Nd4 29. Ne4 Rac8 30. Nc5 Kg8 31. Rfe1 Qd5 32. b4 Qg5 33. Rcd1 Ne2+ 34. Rxe2 Rxd1+ 35. Kh2 Qf4+ 36. g3 Qc1 37. Qf6 Rh1+ 38. Kg2 Qf1+ 39. Kf3 Qxh3 40. Re7 Qh5+ 41. Kf4 Qh6+ 42. Ke5 Re1+ 43. Ne4 Qf8 44. f3 Re8 45. Rxe8 Qxe8+ 46. Kf4 Rd1 47. Qc3 Qb8+ 48. Kg5 Rd5+ 49. Kh4 Rh5+ 50. Kg4 f5# 0-1


[Site "https://www.chess.com"]

[Event "Titled Tuesday Blitz June 21 Late 2022"]
[White "Wang, Isaac"]
[Black "Remolar Gallen, Jose"]
[WhiteFideId "30977185"]
[BlackFideId "2215187"]
[WhiteElo "2304"]
[BlackElo "2205"]
[Result "0-1"]
[Round "11"]
[TimeControl "180+1"]
[Date "2022.06.22"]
[WhiteClock "0:01:47"]
[BlackClock "0:01:47"]

1. d4 Nf6 2. c4 g6 3. Nc3 Bg7 4. e4 d6 5. h3 O-O 6. Be3 e5 7. d5 Na6 8. g4 Nc5 9. f3 a5 10. Qd2 Nfd7 11. h4 f5 12. gxf5 gxf5 13. Nge2 f4 14. Bf2 Nf6 15. Bh3 Bxh3 16. Rxh3 Qd7 17. Rh2 Nh5 18. O-O-O b6 19. Rg1 Kh8 20. Rg5 Qf7 21. Ng1 Bf6 22. Rgg2 Rg8 23. Nh3 Ng3 24. Ne2 Nf1 25. Qe1 Nd3+ 0-1


[Site "https://www.chess.com"]

[Event "Titled Tuesday Blitz June 21 Late 2022"]
[White "Wartiovaara, Oliver"]
[Black "Pappelis, Dimitrios"]
[WhiteFideId "513024"]
[BlackFideId "4215281"]
[WhiteElo "1971"]
[BlackElo "1998"]
[Result "1/2-1/2"]
[Round "11"]
[TimeControl "180+1"]
[Date "2022.06.22"]
[WhiteClock "0:00:04"]
[BlackClock "0:00:05"]

1. e4 c5 2. Nf3 Nc6 3. d4 cxd4 4. Nxd4 Nf6 5. Nc3 e6 6. Nxc6 bxc6 7. e5 Nd5 8. Ne4 Qc7 9. f4 Qb6 10. Bd3 Ba6 11. c4 Bb4+ 12. Ke2 f5 13. Nd6+ Bxd6 14. cxd5 Bc5 15. d6 Rb8 16. Bxa6 Qxa6+ 17. Qd3 Qa4 18. b3 Qd4 19. Qxd4 Bxd4 20. Rb1 c5 21. Be3 Bxe3 22. Kxe3 Kf7 23. Rhc1 Rhc8 24. Rc4 a5 25. Rbc1 Rb5 26. R1c3 h6 27. a4 Rb6 28. Rxc5 Rxc5 29. Rxc5 Rxb3+ 30. Kd4 Rb4+ 31. Rc4 Rb2 32. Kc5 Rxg2 33. Kb6 Rxh2 34. Kxa5 Rb2 35. Rb4 Rc2 36. Kb6 g5 37. a5 g4 38. a6 h5 39. Ra4 Rc8 40. Kb7 Rh8 41. Kc7 h4 42. a7 h3 43. a8=Q Rxa8 44. Rxa8 h2 45. Rh8 g3 46. Kxd7 g2 47. Rxh2 g1=Q 48. Rh7+ Kf8 49. Re7 Qa7+ 50. Kxe6 Qa2+ 51. Kxf5 Qc2+ 52. Kf6 Qh2 53. Rc7 Qxf4+ 54. Ke6 Qh6+ 55. Kd5 Qd2+ 56. Ke6 Qa2+ 57. Kf6 Ke8 58. e6 Qf2+ 59. Ke5 Qg3+ 60. Kd5 Qg5+ 61. Kc6 Qc1+ 62. Kd5 Qd2+ 63. Ke5 Qe3+ 64. Kd5 Qf3+ 65. Ke5 Qg3+ 66. Kd5 Qg5+ 67. Kc6 Qc1+ 68. Kd5 Qd2+ 69. Ke5 Qe3+ 70. Kd5 Qf3+ 71. Ke5 Qg3+ 1/2-1/2


[Site "https://www.chess.com"]

[Event "Titled Tuesday Blitz June 21 Late 2022"]
[White "Yuan, Qingyu"]
[Black "Koellner, Ruben Gideon"]
[WhiteFideId "8609772"]
[BlackFideId "12993093"]
[WhiteElo "2359"]
[BlackElo "2568"]
[Result "0-1"]
[Round "11"]
[TimeControl "180+1"]
[Date "2022.06.21"]
[WhiteClock "0:00:05"]
[BlackClock "0:00:11"]

1. e4 d6 2. d4 Nf6 3. Nc3 e5 4. Nf3 Nbd7 5. Rg1 h6 6. g4 c6 7. h4 exd4 8. Nxd4 Ne5 9. g5 hxg5 10. hxg5 Nfg4 11. Be2 Nh2 12. f4 Qb6 13. Be3 Rh3 14. Qc1 Neg4 15. Bxg4 Nxg4 16. Rxg4 Bxg4 17. Kf2 d5 18. exd5 Bc5 19. Na4 Qb4 20. Nxc5 Qxc5 21. Qg1 Bd7 22. dxc6 bxc6 23. Rd1 O-O-O 24. Rd3 Rdh8 25. Nf3 Qxc2+ 26. Rd2 Qe4 27. Qg2 Be6 28. Rd4 Qc2+ 29. Rd2 Qe4 30. Rd4 Qc2+ 31. Rd2 Qb1 32. Qf1 Qxf1+ 33. Kxf1 Rxf3+ 34. Kg2 Rxe3 35. Kf2 Reh3 36. Rd1 Rh2+ 37. Ke3 R8h3+ 38. Kd4 Rh1 39. Rd2 R3h2 40. Rd3 Bd5 41. Kc5 Kc7 42. Re3 Rc1+ 43. Kb4 Rc4+ 44. Ka5 Re4 45. Rc3 Rxb2 46. a4 Ra2 47. Ra3 Rxa3 0-1


[Site "https://www.chess.com"]

[Event "Titled Tuesday Blitz June 21 Late 2022"]
[White "Zhigalko, Sergei"]
[Black "Janaszak, Dawid"]
[WhiteFideId "13502956"]
[BlackFideId "1119206"]
[WhiteElo "2662"]
[BlackElo "2199"]
[Result "0-1"]
[Round "11"]
[TimeControl "180+1"]
[Date "2022.06.21"]
[WhiteClock "0:00:13"]
[BlackClock "0:00:44"]

1. e4 c5 2. Nf3 Nc6 3. c3 e5 4. Bc4 Nf6 5. Ng5 d5 6. exd5 Na5 7. Qa4+ Nd7 8. d3 a6 9. d6 Nxc4 10. Qxc4 Qf6 11. Ne4 Qg6 12. O-O Bxd6 13. f4 f5 14. Nxd6+ Qxd6 15. Re1 b5 16. fxe5 Qc6 17. Qf4 Bb7 18. Re2 O-O 19. Nd2 Nxe5 20. d4 Ng6 21. Qf2 Rae8 22. Nb3 Rxe2 23. Qxe2 Re8 24. Qf2 Re1+ 25. Qxe1 Qxg2# 0-1


[Site "https://www.chess.com"]

[Event "Titled Tuesday Blitz June 21 Late 2022"]
[White "Zhou, Qiyu"]
[Black "Mikhalsky, Vladimir"]
[WhiteFideId "505161"]
[BlackFideId "14144352"]
[WhiteElo "1925"]
[BlackElo "2301"]
[Result "1-0"]
[Round "11"]
[TimeControl "180+1"]
[Date "2022.06.22"]
[WhiteClock "0:00:11"]
[BlackClock "0:00:04"]

1. e4 g6 2. d4 Bg7 3. Nc3 d6 4. Be3 a6 5. f3 b5 6. Qd2 Bb7 7. O-O-O Nd7 8. g4 h5 9. g5 Nb6 10. Bd3 b4 11. Nce2 a5 12. Kb1 Ba6 13. f4 Nc4 14. Bxc4 Bxc4 15. Nf3 e6 16. f5 gxf5 17. exf5 exf5 18. Rhe1 Qd7 19. Nf4 O-O-O 20. d5 Ne7 21. Bd4 Bxd4 22. Qxd4 Ba6 23. Qa7 Bb7 24. Qxa5 Ng6 25. Qxb4 Rde8 26. Nxg6 fxg6 27. Qd4 Qb5 28. c4 Qb4 29. Nd2 Kb8 30. a3 Qa4 31. Qc3 Rhf8 32. Rc1 f4 33. Nf3 Qa7 34. Nd4 Rxe1 35. Rxe1 f3 36. Ne6 f2 37. Rf1 Rf5 38. h4 Re5 39. Ka2 Re2 40. Qf3 Rc2 41. Qd3 Qa4 42. Qb3 Qxb3+ 43. Kxb3 Re2 44. Nd4 Rd2 45. Kc3 Rxd4 46. Kxd4 c5+ 47. dxc6 Bxc6 48. Rxf2 Kc7 49. Rf8 Kb6 50. Rf6 Bd7 51. Rxd6+ Kc7 52. Rxg6 Bg4 53. Rg7+ Kd6 54. Rg6+ Ke7 55. Rh6 Kd7 56. c5 Kc7 57. b4 Kb7 58. b5 Kc7 59. c6 Kb6 60. Kc4 Be2+ 61. Kb4 Bg4 62. a4 1-0


[Site "https://www.chess.com"]

[Event "Titled Tuesday Blitz June 21 Late 2022"]
[White "Zhu, Jiner"]
[Black "Wagner, Dinara"]
[WhiteFideId "8608059"]
[BlackFideId "24157570"]
[WhiteElo "2281"]
[BlackElo "2216"]
[Result "1-0"]
[Round "11"]
[TimeControl "180+1"]
[Date "2022.06.21"]
[WhiteClock "0:00:49"]
[BlackClock "0:00:08"]

1. e4 c5 2. Nf3 d6 3. d4 cxd4 4. Nxd4 Nf6 5. Nc3 a6 6. Be3 e5 7. Nf3 Be7 8. Bc4 Nc6 9. O-O Be6 10. Bb3 O-O 11. Bg5 Nd7 12. Bxe7 Qxe7 13. Nd5 Qd8 14. Qe2 Na5 15. Rfd1 Nxb3 16. axb3 Rc8 17. c3 Kh8 18. b4 f5 19. exf5 Bxf5 20. Nd2 Qg5 21. Ne4 Bxe4 22. Qxe4 Rf7 23. f3 Rcf8 24. Kh1 Rf5 25. Rd3 Qh6 26. Rad1 Rh5 27. h3 Rh4 28. Qe3 e4 29. Qxh6 Rxh6 30. fxe4 Ne5 31. R3d2 Ng4 32. Kg1 Ne5 33. Ne3 Rff6 34. Nf5 Rhg6 35. Rxd6 Rf8 36. Rd8 Rf6 37. R1d5 Nc4 38. b3 Nb6 39. Rxf8+ Rxf8 40. Rd6 Nc8 41. Rd7 g6 42. Nd6 Nxd6 43. Rxd6 Re8 44. Rd4 Re7 45. Kf2 Kg7 46. Ke3 Kf6 47. Rd5 Rc7 48. c4 Ke6 49. b5 axb5 50. Rxb5 Rf7 51. Rb6+ Ke5 52. Rb5+ Ke6 53. b4 Kd6 54. Rd5+ Kc6 55. e5 Rf1 56. Rd6+ Kc7 57. Ke4 Re1+ 58. Kd5 Rc1 59. c5 Rb1 60. e6 Rd1+ 61. Ke5 Re1+ 62. Kf6 Rf1+ 63. Kg7 Re1 64. Kf7 Rf1+ 65. Ke8 Re1 66. e7 g5 67. Rf6 h5 68. Kf7 Kd7 69. Rd6+ Kc7 70. e8=Q 1-0


[Site "https://www.chess.com"]

[Event "Titled Tuesday Blitz June 21 Late 2022"]
[White "Zhurbinsky, David"]
[Black "Dilmukhametov, Artur"]
[WhiteFideId "2072904"]
[BlackFideId "24179922"]
[WhiteElo "2560"]
[BlackElo "2206"]
[Result "0-1"]
[Round "11"]
[TimeControl "180+1"]
[Date "2022.06.22"]
[WhiteClock "0:00:01"]
[BlackClock "0:00:27"]

1. e4 e6 2. d4 d5 3. Nc3 Bb4 4. e5 c5 5. a3 Ba5 6. f4 Ne7 7. Nf3 cxd4 8. Nxd4 Nbc6 9. Be3 Nxd4 10. Bxd4 Nf5 11. Bc5 Bb6 12. Bb5+ Bd7 13. Bxb6 Qxb6 14. Bxd7+ Kxd7 15. Qd2 Rac8 16. O-O-O Ne3 17. Rde1 Nc4 18. Na4 Qc6 19. Qb4 Nxa3 20. c3 Nc4 21. f5 b5 22. fxe6+ fxe6 23. Rhf1 Kc7 24. Rf7+ Kb8 25. Rxg7 Ka8 26. Qe7 Qa6 27. b3 bxa4 28. bxc4 Rxc4 29. Kd2 d4 30. Rb1 dxc3+ 31. Kc2 a3 32. Rb7 Ra4 33. Qc7 Qe2+ 34. Kb3 Qd1+ 35. Kxc3 Qd4+ 36. Kb3 Rb4+ 37. Kxa3 Qb2# 0-1


[Site "https://www.chess.com"]

[Event "Titled Tuesday Blitz June 21 Late 2022"]
[White "Zlatin, Alexander"]
[Black "Petrovic, Aleksa"]
[WhiteFideId "2810549"]
[BlackFideId "967629"]
[WhiteElo "2570"]
[BlackElo "2477"]
[Result "0-1"]
[Round "11"]
[TimeControl "180+1"]
[Date "2022.06.22"]
[WhiteClock "0:00:35"]
[BlackClock "0:00:03"]

1. d4 Nf6 2. Nc3 g6 3. Bf4 c5 4. dxc5 Bg7 5. e4 Qa5 6. Qd2 O-O 7. Nf3 Qxc5 8. O-O-O d6 9. Bh6 Bg4 10. Bxg7 Kxg7 11. Be2 Nc6 12. h3 Bxf3 13. gxf3 Qxf2 14. h4 Nh5 15. Nd5 Ng3 16. Rhe1 e6 17. Ne3 Nxe2+ 18. Rxe2 Qxf3 19. h5 Ne5 20. h6+ Kg8 21. Rf1 Qxe4 22. Nf5 Qg4 23. Nxd6 Nf3 24. Qc3 Qg5+ 25. Kb1 Qxh6 26. Qxf3 Qg7 27. Ne4 f5 28. Ng5 e5 29. Ne6 e4 30. Qb3 Qf7 31. Nxf8 Qxb3 32. axb3 Rxf8 33. Rd1 g5 34. Rd7 g4 35. Kc1 g3 36. Rg2 f4 37. Rd1 h5 38. Rh1 Rf5 39. Kd1 Kg7 40. Re2 f3 41. Rxe4 g2 42. Re7+ Kf6 43. Rhe1 f2 44. R1e6+ Kg5 45. Rg7+ Kf4 46. Kd2 f1=Q 47. Rg4+ hxg4 48. Re4+ Kxe4 0-1